 Dungeon Crawl Stone Soup version 0.23-a0-582-g1b4a0ca2fb (webtiles) character file.

82 LLavrengius the Chopper (level 4, -2/41 HPs)
             Began as a Hill Orc Fighter on Dec 16, 2018.
             Slain by Sigmund
             ... wielding a +1 vampiric scythe
              (9 damage)
             ... on level 2 of the Dungeon.
             The game lasted 00:03:54 (1628 turns).

LLavrengius the Chopper (Hill Orc Fighter)          Turns: 1628, Time: 00:03:55

Health: -2/41      AC:  9    Str: 19    XL:     4   Next: 43%
Magic:  4/4        EV:  7    Int:  8    God:
Gold:   139        SH:  9    Dex: 10    Spells: 3/3 levels left

rFire    . . .     SeeInvis .   a - +0 war axe
rCold    . . .     Gourm    .   c - +0 shield
rNeg     . . .     Faith    .   b - +0 scale mail
rPois    .         Spirit   .   e - +1 helmet
rElec    .         Reflect  .   (no cloak)
rCorr    .         Harm     .   (no gloves)
MR       .....                  (no boots)
Stlth    ..........             (no amulet)
HPRegen  0.13/turn              (no ring)
MPRegen  0.09/turn              (no ring)

@: no status effects
A: no striking features
a: no special abilities


You were on level 2 of the Dungeon.
You were not hungry.

You visited 1 branch of the dungeon, and saw 2 of its levels.

You collected 139 gold pieces.

Inventory:

Hand Weapons
 a - a +0 war axe (weapon)
 o - a +0 dagger of venom
Armour
 b - a +0 scale mail (worn)
 c - a +0 shield (worn)
 e - a +1 helmet (worn)
Jewellery
 r - an uncursed ring of positive energy {unknown}
Scrolls
 h - 2 scrolls of amnesia {unknown}
 i - a scroll of teleportation {unknown}
 n - a scroll of immolation {unknown}
 p - a scroll of magic mapping {unknown}
 q - 2 scrolls of identify {unknown}
 s - a scroll of enchant weapon {unknown}
Potions
 d - a potion of might
 g - a potion of heal wounds {unknown}
 j - 2 potions of degeneration {unknown}
 k - a potion of agility {unknown}
 l - a potion of curing {unknown}
 m - a potion of haste {unknown}
Comestibles
 f - 3 rations


   Skills:
 + Level 4.3 Fighting
 * Level 4.7 Axes
 - Level 3.2 Armour
 + Level 4.0 Shields


You had 3 spell levels left.
You didn't know any spells.
Your spell library was empty.

Dungeon Overview and Level Annotations

Branches:
Dungeon (2/15)

Altars:

Annotations:
D:2 Sigmund


Message History

You hit something but do no damage.
You hear some strange, mumbled words.
Something tries to affect you, but you resist.
You miss something. Something hits you!
You hit something. Something hits you.
You hit something.
You hear some strange, mumbled words.
You are confused.
Something hits you.
* * * LOW HITPOINT WARNING * * *
You're too confused to move!
You bump into the rock wall.
Something hits you but does no damage.
You bump into the rock wall.
Something hits you.
* * * LOW HITPOINT WARNING * * *
You bump into the rock wall.
You hear some strange, mumbled words.
Something tries to affect you, but you resist.
You feel less confused. Something hits you!
You die...

...........#.#####
...........+.....#
...........#.###.###
...........#.# #...#
##########...# #.###
######## #...# #.#
.......###...# #.#
.K{....#...#.###.#
##)##.###..##@#
#..##........<#
#..8######.#{##
##......('...####
#.......#......#
#..8######..###.#
#..## #....##.# ##+#
###.......#
#.......###


There were no monsters in sight!

Vanquished Creatures
  3 adders (D:2)
  3 dart slugs (D:2)
  3 leopard geckos
  2 bats
  2 giant cockroaches (D:1)
  7 goblins
  7 hobgoblins
  5 frilled lizards
  5 kobolds
  11 rats
48 creatures vanquished.

Notes
Turn   | Place    | Note
-------+----------+-------------------------------------------
     0 | D:1      | LLavrengius the Hill Orc Fighter began the quest for the
                  | Orb.
     0 | D:1      | Reached XP level 1. HP: 19/19 MP: 1/1
   100 | D:1      | Reached XP level 2. HP: 27/27 MP: 2/2
   430 | D:1      | Reached XP level 3. HP: 33/33 MP: 3/3
   938 | D:2      | Reached XP level 4. HP: 35/40 MP: 4/4
  1257 | D:2      | Noticed Sigmund
  1297 | D:2      | HP: 1/41 [something (5)]
  1628 | D:2      | Slain by Sigmund

Vault maps used:
D:1:      matt_arrival_spirals
D:2:      minmay_chambers_of_twos, st_stairs_3, uniq_sigmund

Skill      XL: |  1  2  3  4 |
---------------+-------------+-----
Axes           | 3 4 |  4.7
Fighting       | 4 |  4.3
Shields        | 4 |  4.0
Armour         | |  3.2

Action                   |  1- 3 |  4- 6 || total
-------------------------+-------+-------++-------
Melee: War axe           |    95 |    52 ||   147
  Eat: Ration            |       |     1 ||     1
Armor: Scale mail        |    41 |    23 ||    64
Dodge: Dodged            |    20 |    16 ||    36
Block: Shield            |    52 |    22 ||    74

Table legend:
 A = Non-vault XP
 B = Vault XP
 C = Vault XP percentage of total XP
 D = Non-vault monster count
 E = Vault monster count
 F = Vault count percentage of total count
                 A         B        C        D         E       F
            +---------+---------+-------+---------+---------+-------
      Total |      97 |      21 |  17.8 |      42 |       6 |  12.5
            +---------+---------+-------+---------+---------+-------
        D:1 |      41 |       2 |   4.7 |      27 |       1 |   3.6
        D:2 |      56 |      19 |  25.3 |      15 |       5 |  25.0
            +---------+---------+-------+---------+---------+-------
